 Dungeon Crawl Stone Soup version 0.32-a0-898-g7811c86cf0 (webtiles) character file.

Game seed: 294436464450516498

8 holysushi the Cutter (level 2, 24/24 HPs)
             Began as a Demonspawn Monk on Apr 4, 2024.
             Quit the game on level 1 of the Dungeon.
             The game lasted 00:00:25 (400 turns).

holysushi the Cutter (Demonspawn Monk)               Turns: 400, Time: 00:00:26

Health: 24/24      AC:  2    Str: 11    XL:     2   Next: 0%
Magic:  2/2        EV: 11    Int: 10    God:
Gold:   35         SH:  0    Dex: 15    Spells: 1/1 levels left

rFire   . . .        a - +0 short sword
rCold   . . .        d - orb {light}
rNeg    . . .        b - +0 robe
rPois   .            (no helmet)
rElec   .            (no cloak)
rCorr   .            (no gloves)
SInv    .            (no boots)
Will    .....        (no amulet)
Stlth   +            (no ring)
HPRegen 0.24/turn    (no ring)
MPRegen 0.08/turn

%: no passive effects
@: glowing
A: demonic magic 1
a: no special abilities


You were on level 1 of the Dungeon.
You visited 1 branch of the dungeon, and saw 1 of its levels.

You collected 35 gold pieces.

Inventory:

Hand Weapons
 a - a +0 short sword (weapon)
Armour
 b - a +0 robe (worn)
 d - an orb of light (worn)
Scrolls
 e - a scroll of enchant weapon {unknown}
 f - a scroll of identify {unknown}
Potions
 c - a potion of ambrosia
 g - 2 potions of curing {unknown}


   Skills:
 - Level 3.0 Fighting
 + Level 3.2 Short Blades
 - Level 2.6 Dodging


You had one spell level left.
You didn't know any spells.
Your spell library was empty.

Dungeon Overview and Level Annotations

Branches:
Dungeon (1/15) Zot: 5604

Altars:


Innate Abilities, Weirdness & Mutations

Spells you cast may paralyse adjacent enemies.


Message History

The bat barely misses you. The bat misses you.
You closely miss the bat. The bat hits you but does no damage.
The bat hits you but does no damage.
You hit the bat but do no damage. The bat hits you.
The bat hits you but does no damage. The bat barely misses you.
You hit the bat but do no damage. The bat hits you.
You barely miss the bat. The bat hits you.
You hit the bat but do no damage. The bat hits you. The bat hits you.
You hit the bat but do no damage. The bat hits you.
The bat hits you but does no damage. x2
You closely miss the bat. The bat hits you. The bat closely misses you.
You hit the bat but do no damage. The bat hits you but does no damage.
The bat hits you.
You hit the bat.
You kill the bat!
No target in view!
You see here a bat corpse.
No target in view!
A kobold comes into view. It is wielding a +0 short sword.
The kobold shouts!
The kobold moves out of view.
A kobold is nearby!
A kobold is nearby!
A kobold is nearby!
A kobold is nearby!
You hit the kobold.
You kill the kobold!
You have reached level 2!
Your demonic ancestry asserts itself...
A menacing aura infuses your magic.
Things that are here:
a +0 short sword; a kobold corpse
Things that are here:
a +0 short sword; a kobold corpse A hobgoblin comes into view.
A hobgoblin is nearby!
A hobgoblin is nearby!
Are you sure you want to abandon this character and quit the game? (Confirm with "yes".)

....# ....# ... #...#
#g# ##..# #.# #..# #.#
#..# ### #.# ##..###
##.###.# #####
#...#.####...##.##......
....#.'......†..@.......
....#.####...##.########
####'## ##.###)###
.....# #........# ...###
#.####.#.# #+# #.#
##.#.# # #.# #....# #.#
#.# #..#.# #.## #.#
#.##.#


You could see a hobgoblin.

Vanquished Creatures
  A giant cockroach (D:1)
  A goblin (D:1)
  A hobgoblin (D:1)
  3 kobolds (D:1)
  2 bats (D:1)
8 creatures vanquished.

Notes
Turn   | Place    | Note
-------+----------+-------------------------------------------
     0 | D:1      | holysushi the Demonspawn Monk began the quest for the Orb.
     0 | D:1      | Reached XP level 1. HP: 18/18 MP: 1/1
   337 | D:1      | Gained mutation: Spells you cast may paralyse adjacent
                  | enemies. [demonic ancestry]
   337 | D:1      | Reached XP level 2. HP: 19/24 MP: 2/2
   400 | D:1      | Quit the game

Illustrated notes

Levels and vault maps discovered:
D:1:      amcnicky_arrival_underground_garden, layout_loops_corners,
          kennysheep_pointless_box

Skill      XL: |  1 |
---------------+----+-----
Short Blades   | 3 |  3.2
Fighting       | |  3.0
Dodging        | |  2.6

Action                     || total
---------------------------++-------
  Melee: Short sword       ||    30
 Armour: Robe              ||    24
  Dodge: Dodged            ||    12

Table legend: (Time is in decaauts)
 A = Elapsed time spent in this place.
 B = Non-inter-level travel time spent in this place.
 C = Inter-level travel time spent in this place.
 D = Time resting spent in this place.
 E = Time spent auto-exploring this place.
 F = Levels seen in this place.
 G = Mean time per level.
                   A        B        C        D        E       F      G
               +--------+--------+--------+--------+--------+-----+--------+
         Total |    395 |    395 |      0 |     25 |    287 |   1 |  395.0 |
       Dungeon |    395 |    395 |      0 |     25 |    287 |   1 |  395.0 |
               +--------+--------+--------+--------+--------+-----+--------+

Top non-repeatable levels by time:
     D:1: 395 daAuts
